 Dungeon Crawl Stone Soup version 0.31.0-32-g396128a36d (webtiles) character file.

Game seed: 12561481815107885756

142 Rotvic the Magician (level 5, -7/38 HPs)
             Began as a Mummy Hedge Wizard on Apr 2, 2024.
             Mangled by a black bear (8 damage)
             ... on level 3 of the Dungeon.
             The game lasted 00:31:24 (5110 turns).

Rotvic the Magician (Mummy Hedge Wizard)            Turns: 5110, Time: 00:31:26

Health: -7/38      AC:  2    Str: 13    XL:     5   Next: 3%
Magic:  6/12       EV: 12    Int: 13    God:
Gold:   101        SH:  0    Dex: 14    Spells: 11/13 levels left

rFire   x . .        i - +0 spear
rCold   + . .        (no shield)
rNeg    + + +        b - +0 robe
rPois   ∞            c - +0 hat
rElec   .            (no cloak)
rCorr   .            (no gloves)
SInv    .            (no boots)
Will    .....        (no amulet)
Stlth   ++           (no ring)
HPRegen 0.26/turn    (no ring)
MPRegen 0.13/turn

%: faith
@: very slightly contaminated
A: cold resistance 1, negative energy resistance 3, torment resistance 2, heat
vulnerability 1, in touch with death 1, no potions, faith
a: no special abilities


You were on level 3 of the Dungeon.
You visited 1 branch of the dungeon, and saw 4 of its levels.

You collected 101 gold pieces.

Inventory:

Hand Weapons
 a - a +0 dagger
 g - a +0 hand axe
 i - a +0 spear (weapon)
Armour
 b - a +0 robe (worn)
 c - a +0 hat (worn)
Scrolls
 d - a scroll of immolation {unknown}
 e - a scroll of fog {unknown}
 f - a scroll of identify {unknown}
 h - a scroll of summoning {unknown}
 j - a scroll of amnesia {unknown}
 k - a scroll of enchant armour {unknown}
 l - a scroll of fear {unknown}
 m - a scroll of poison {unknown}
 n - a scroll of blinking {unknown}
 o - a scroll of noise {unknown}
 p - a scroll of teleportation {unknown}


   Skills:
 + Level 2.2 Fighting
 + Level 2.4 Dodging
 - Level 1.5 Stealth
 + Level 4.9 Spellcasting
 + Level 2.0 Conjurations
 - Level 0.7 Summonings
 - Level 0.7 Translocations
 + Level 0.0 Earth Magic


You had 11 spell levels left.
You knew the following spells:

 Your Spells              Type           Power      Damage    Failure   Level
a - Magic Dart            Conj           32%        1d4       9%          1
b - Sandblast             Erth           6%         2d5       19%         1

Your spell library contained the following spells:

 Spells                   Type           Power      Damage    Failure   Level
 Slow                     Hex            12%        N/A       19%         1
 Blink                    Tloc           10%        N/A       22%         2
 Call Imp                 Summ           10%        N/A       22%         2
 Cigotuvi's Dreadful Rot  Necr/Alch/Air  8%         N/A       28%         2
 Stone Arrow              Conj/Erth      10%        3d7       36%         3
 Mephitic Cloud           Conj/Alch/Air  5%         N/A       38%         3
 Passwall                 Erth           3%         N/A       50%         3
 Brom's Barrelling Bould  Conj/Erth      5%         2d3       77%         4


Dungeon Overview and Level Annotations

Branches:
Dungeon (4/15)
 Temple: D:4-7

Altars:
Hepliaklqana

Shops:
D:2 *(:?

Annotations:
D:4 Ijyb, Sigmund


Innate Abilities, Weirdness & Mutations

You are immune to poison.
Your flesh is cold resistant. (rC+)
You are immune to negative energy. (rN+++)
You are immune to unholy pain and torment.
You are vulnerable to heat. (rF-)
You are in touch with the powers of death.
You do not drink.
You have a special connection with the divine. (Faith)


Message History

* * * LOW HITPOINT WARNING * * *
Unknown command.
Casting: Sandblast (safe; 19% risk of failure)
Confirm with . or Enter, or press ? or * to list all spells.
Aiming: Magic Dart (safe; 9% risk of failure)
Press: ? - help, Shift-Dir - straight line, f/p - black bear
Aim: a black bear (lightly wounded, 100% to hit)
The magic dart hits the black bear but does no damage.
The black bear is lightly wounded.
The black bear misses you. x2; The black bear closely misses you.
Casting: Magic Dart (safe; 9% risk of failure)
Confirm with . or Enter, or press ? or * to list all spells.
Aiming: Magic Dart (safe; 9% risk of failure)
Press: ? - help, Shift-Dir - straight line, f/p - black bear
Aim: a black bear (lightly wounded, 100% to hit)
The magic dart hits the black bear.
The black bear is moderately wounded.
The black bear closely misses you. The black bear claws you.
* * * LOW HITPOINT WARNING * * *
The black bear claws you.
* * * LOW HITPOINT WARNING * * *
Casting: Magic Dart (safe; 9% risk of failure)
Confirm with . or Enter, or press ? or * to list all spells.
Aiming: Magic Dart (safe; 9% risk of failure)
Press: ? - help, Shift-Dir - straight line, f/p - black bear
Aim: a black bear (moderately wounded, 100% to hit)
The magic dart hits the black bear.
The black bear is moderately wounded.
The black bear closely misses you. The black bear claws you.
* * * LOW HITPOINT WARNING * * *
The black bear misses you.
Casting: Magic Dart (safe; 9% risk of failure)
Confirm with . or Enter, or press ? or * to list all spells.
Aiming: Magic Dart (safe; 9% risk of failure)
Press: ? - help, Shift-Dir - straight line, f/p - black bear
Aim: a black bear (moderately wounded, 100% to hit)
The magic dart hits the black bear but does no damage.
The black bear is moderately wounded.
The black bear bites you!
You die...

#........# ######## #.######.#
#......# #.#......# #......#
#.#.##########
######......###.#.#......).#
#.......<.....#<).#.######.#
#.####......#.#.###......#.#
####.####......#h#..........#.#
................@>..........#.#
####.####...........#######.#.#
####.# ######......# #.#.###
.....# #......# #.#.... ###..#
#......# #.####. ##.# #......#
#.# #. #.## ###.#### #.# #.
#..# #.# #.####. #..## #.#
#......


You could see a black bear.

Vanquished Creatures
  5 adders
  2 ribbon worms
  2 orcs (D:3)
  15 ball pythons
  7 endoplasms
  5 giant cockroaches
  8 goblins
  8 hobgoblins
  7 jackals
  3 kobolds
  3 quokkas (D:1)
  6 bats
  6 frilled lizards
  7 rats
84 creatures vanquished.

Notes
Turn   | Place    | Note
-------+----------+-------------------------------------------
     0 | D:1      | Rotvic the Mummy Hedge Wizard began the quest for the Orb.
     0 | D:1      | Reached XP level 1. HP: 13/13 MP: 5/5
   215 | D:1      | Reached skill level 1 in Conjurations
   310 | D:1      | Reached XP level 2. HP: 15/20 MP: 4/7
   884 | D:1      | Reached skill level 1 in Fighting
  1083 | D:1      | Reached XP level 3. HP: 26/26 MP: 4/8
  1855 | D:2      | Found a hazy altar of Hepliaklqana.
  2199 | D:2      | Found Loroaqu's Book Shop.
  2306 | D:2      | Found Toyrok's Weapon Emporium.
  2367 | D:2      | Found Pifu's Assorted Antiques.
  2379 | D:2      | Reached XP level 4. HP: 27/33 MP: 4/10
  2914 | D:2      | Found Abaydocio's Magic Scroll Shoppe.
  4328 | D:4      | Noticed Sigmund
  4668 | D:4      | Reached XP level 5. HP: 28/38 MP: 0/12
  4786 | D:4      | Noticed a black bear
  4805 | D:4      | Noticed Ijyb
  4899 | D:3      | Learned a level 1 spell: Sandblast
  5108 | D:3      | HP: 1/38 [black bear (3)]
  5110 | D:3      | Mangled by a black bear

Illustrated notes

Levels and vault maps discovered:
D:1:      dpeg_arrival_connections, layout_basic, nrook_mini_backslash,
          minmay_misc_feat_pillars
D:2:      layout_basic, basic_altar, serial_shops,
          nicolae_shop_just_a_little_nook, nicolae_shop_trees,
          nicolae_shop_real_fake_doors, nicolae_shop_statue_plus
D:3:      layout_basic, minmay_shallow_snake_nest
D:4:      layout_loops_ring, temple_doors_e, kennysheep_small_circle,
          uniq_eustachio, uniq_duvessa, uniq_robin, uniq_ijyb, uniq_sigmund

Skill      XL: |  1  2  3  4 |
---------------+-------------+-----
Conjurations   | 1 2 |  2.0
Fighting       | 1 2 |  2.2
Dodging        | 2 |  2.4
Stealth        | |  1.5
Spellcasting   | |  4.9
Summonings     | |  0.7
Translocations | |  0.7

Action                     |  1- 3 |  4- 6 || total
---------------------------+-------+-------++-------
  Melee: Dagger            |    30 |       ||    30
         Spear             |    20 |    87 ||   107
         Hand axe          |     5 |       ||     5
         Punch             |       |     1 ||     1
   Cast: Magic Dart        |   115 |    89 ||   204
         Sandblast         |       |     1 ||     1
 Armour: Robe              |    36 |    95 ||   131
  Dodge: Dodged            |    47 |   106 ||   153
